 Dungeon Crawl Stone Soup version 0.29-a0-495-g17b79114eb (webtiles) character file.

Game seed: 6544592086772683021

2734 siradein the Basher (level 9, -1/123 HPs)
             Began as a Minotaur Berserker on May 27, 2022.
             Was an Elder of Trog.
             Killed from afar by Erica (13 damage)
             ... with a bolt of poison
             ... on level 8 of the Dungeon.
             The game lasted 00:10:49 (7140 turns).

siradein the Basher (Minotaur Berserker)            Turns: 7140, Time: 00:10:49

Health: -1/123     AC: 19    Str: 26    XL:     9   Next: 40%
Magic:  8/8        EV: 10    Int:  4    God:    Trog [****..]
Gold:   444        SH:  0    Dex: 12    Spells: 8/8 levels left

rFire   . . .      SeeInvis .   z - +2 long sword of the Blessed Realm {drain, rElec Will+ Dex+2 Stlth+}
rCold   + . .      Faith    .   (no shield)
rNeg    . . .      Spirit   .   m - +0 plate armour
rPois   .          Reflect  .   (helmet restricted)
rElec   +          Harm     .   s - +0 cloak
rCorr   .          Rampage  .   (no gloves)
Will    +....                   (no boots)
Stlth   ..........              (no amulet)
HPRegen 0.30/turn               o - ring of protection from cold
MPRegen 0.11/turn               d - +4 ring of protection

@: berserking (expiring), lethally poisoned (-1 -> -9), very quick
A: horns 2, retaliatory headbutt
a: Renounce Religion, Berserk, Trog's Hand, Brothers in Arms


You were on level 8 of the Dungeon.
You worshipped Trog.
Trog was greatly pleased with you.
You visited 1 branch of the dungeon, and saw 8 of its levels.
You also visited: Sewer.

You collected 444 gold pieces.

Inventory:

Hand Weapons
 t - a +2 vampiric whip
 z - the +2 long sword of the Blessed Realm (weapon) {drain, rElec Will+ Dex+2 Stlth+}
   (You found it on level 5 of the Dungeon)

   A truly terrible weapon, it drains the life of any living foe it strikes.
   Dex:       It affects your dexterity (+2).
   rElec:     It insulates you from electricity.
   Will:      It increases your willpower.
   Stlth:     It makes you more stealthy.
Missiles
 p - 14 poisoned darts (quivered)
 y - 5 boomerangs
 C - 2 throwing nets
Armour
 m - a +0 plate armour (worn)
 s - a +0 cloak (worn)
Jewellery
 d - a +4 ring of protection (right hand)
 o - a ring of protection from cold (left hand)
 A - a +6 ring of intelligence
 E - a ring of fire
Scrolls
 e - 2 scrolls of torment
 f - 2 scrolls of vulnerability
 g - a scroll of enchant weapon
 n - a scroll of fear {unknown}
 q - a scroll of summoning {unknown}
 r - 5 scrolls of teleportation
 u - a scroll of poison {unknown}
 G - a scroll of silence {unknown}
Potions
 a - 4 potions of might
 b - 2 potions of lignification
 c - a potion of attraction {unknown}
 h - 2 potions of haste
 i - a potion of cancellation
 j - 7 potions of curing
 k - a potion of berserk rage {unknown}
 l - 2 potions of flight {unknown}
 v - 2 potions of heal wounds
 w - 2 potions of ambrosia {unknown}
 x - a potion of brilliance {unknown}
 B - 3 potions of degeneration {unknown}


   Skills:
 + Level 8.6 Fighting
 + Level 8.6 Maces & Flails
 + Level 8.1 Armour
 + Level 7.4 Dodging


You had 8 spell levels left.
You didn't know any spells.
Your spell library was empty.

Dungeon Overview and Level Annotations

Branches:
Dungeon (8/15)             Temple (0/1) D:6           Sewer (visited)
   Lair: D:8-11

Altars:
Sif Muna
The Shining One

Shops:
D:2 **

Annotations:
D:8 Erica


Innate Abilities, Weirdness & Mutations

You have a pair of horns on your head.
You reflexively headbutt those who attack you in melee.


Message History

Erica mumbles some strange words.
Erica flickers and vanishes!
Deactivating autopickup; reactivate with Ctrl-A.
No target in view!
No target in view!
No target in view!
You miss something. Something hits you. Something burns you.
Something hits you! Something burns you.
You barely miss something. Something hits you but does no damage.
A red film seems to cover your vision as you go berserk!
You feel yourself moving faster!
You feel mighty! Something hits you. Something burns you.
You miss something. Something hits you but does no damage.
You closely miss something. Something hits you.
* * * LOW HITPOINT WARNING * * *
Something burns you.
* * * LOW HITPOINT WARNING * * *
You miss something. Something hits you.
* * * LOW HITPOINT WARNING * * *
Something burns you.
* * * LOW HITPOINT WARNING * * *
You closely miss something. Something hits you but does no damage.
You hit something. Something hits you!
* * * LOW HITPOINT WARNING * * *
Something burns you.
* * * LOW HITPOINT WARNING * * *
You barely miss something. Something hits you but does no damage.
You slash something! You miss something. Your headbutt misses something.
Something hits you but does no damage.
You slash something! Something hits you.
* * * LOW HITPOINT WARNING * * *
Something burns you.
* * * LOW HITPOINT WARNING * * *
You miss something.
You hear some strange, mumbled words.
A bolt of poison appears from out of thin air!
The bolt of poison hits you!
You are poisoned.
You die...

# #.. ...............# #
#.#####.##..##.# #.#.
...# ...##..##..
###.#.####..#.##.##......
#............. #.##......
............ ##.##...#.#
........#..#.........#.#
#.##{#.......##...#.#
#.#...@#............#.#
#.........# # #.......#
######.##.# ###.#.#.#
#.##.# #.#.#.# #.##.#
#....
#######.##.#########.#.#
.........#...........#.#
#######..........#####.#
#########..#####.#


There were no monsters in sight!

Vanquished Creatures
  Prince Ribbit (D:7)
  2 steam dragons (D:7)
  2 water moccasins
  2 sky beasts
  A black bear (D:6)
  An orc warrior (D:7)
  2 ice beasts
  An ogre (D:4)
  A phantom (D:6)
  2 bullfrogs
  2 scorpions
  3 killer bees (D:7)
  A jelly (D:8)
  6 hounds
  3 orc priests
  A gnoll shaman (D:6)
  3 iguanas
  4 orc wizards
  8 gnolls (D:6)
  6 river rats (D:5)
  13 adders
  3 white imps
  6 worms
  20 orcs
  9 bats
  4 endoplasms
  5 giant cockroaches
  9 goblins
  6 hobgoblins
  2 jackals
  6 quokkas
  4 ball pythons
  3 frilled lizards
  12 kobolds
  3 rats
157 creatures vanquished.

Vanquished Creatures (others)
  A killer bee (D:7)
1 creature vanquished.

Grand Total: 158 creatures vanquished

Notes
Turn   | Place    | Note
-------+----------+-------------------------------------------
     0 | D:1      | siradein the Minotaur Berserker began the quest for the
                  | Orb.
     0 | D:1      | Reached XP level 1. HP: 19/19 MP: 0/0
   353 | D:1      | Reached XP level 2. HP: 19/27 MP: 1/1
   980 | D:2      | Found Faschog's Assorted Antiques.
  1027 | D:2      | Found Ychisagi's Assorted Antiques.
  1055 | D:2      | Reached XP level 3. HP: 33/33 MP: 2/2
  1459 | D:2      | Found a glowing golden altar of the Shining One.
  1469 | D:2      | Found a faded altar of an unknown god.
  1703 | D:2      | Reached ** piety under Trog
  1868 | D:3      | Reached XP level 4. HP: 35/41 MP: 3/3
  2054 | D:3      | Reached XP level 5. HP: 47/47 MP: 4/4
  2659 | D:4      | Noticed an ogre
  2671 | D:4      | Killed an ogre
  2672 | D:4      | Reached skill level 5 in Fighting
  2672 | D:4      | Reached skill level 5 in Maces & Flails
  2674 | D:4      | Reached XP level 6. HP: 56/56 MP: 5/5
  2833 | D:4      | Found a shimmering blue altar of Sif Muna.
  2953 | D:4      | Reached *** piety under Trog
  3294 | D:5      | Entered Level 5 of the Dungeon
  3403 | D:5      | Found a glowing drain.
  3413 | D:5      | Reached XP level 7. HP: 61/62 MP: 6/6
  3420 | Sewer    | Entered a sewer
  3486 | Sewer    | Reached skill level 5 in Armour
  3751 | D:5      | Reached skill level 5 in Dodging
  4532 | D:5      | Identified the +2 long sword of the Blessed Realm {drain,
                  | rElec Will+ Dex+2 Stlth+}
  4664 | D:6      | Reached **** piety under Trog
  4665 | D:6      | Reached XP level 8. HP: 71/71 MP: 7/7
  4928 | D:6      | Found a staircase to the Ecumenical Temple.
  6287 | D:7      | Reached XP level 9. HP: 81/81 MP: 8/8
  6324 | D:7      | Noticed Prince Ribbit
  6343 | D:7      | Killed Prince Ribbit
  7117 | D:8      | Noticed Erica
  7140 | D:8      | Killed from afar by Erica

Illustrated notes

Levels and vault maps discovered:
D:1:      lemuel_arrival_lava_pool, layout_loops_ring
D:2:      layout_loops_cross, hellmonk_ecumenical_altar_inner_sanctum,
          basic_altar, serial_shops, shop, shop, minmay_tetromino_s4
D:3:      minmay_skewed_foursquare, layout_basic, amcnicky_mini_pool_small
D:4:      layout_rooms, mainiacjoe_overflow_cross_hatched
D:5:      layout_loops_cross, lightli_sewer_entry_pipes, supply_closet_lemuel
D:6:      layout_basic, minmay_temple_entry_purple_smoke
D:7:      layout_basic, moated_statue, uniq_prince_ribbit1
D:8:      layout_basic, uniq_erica, uniq_pikel

Skill      XL: |  1  2  3  4  5  6  7  8  9 |
---------------+----------------------------+-----
Fighting       | 4 5 6 8 |  8.6
Maces & Flails | 4 5 6 8 |  8.6
Armour         | 3 4 6 7 8 |  8.1
Dodging        | 3 4 5 6 7 |  7.4

Action                   |  1- 3 |  4- 6 |  7- 9 || total
-------------------------+-------+-------+-------++-------
Melee: Mace              |   112 |    90 |       ||   202
       Headbutt          |    15 |    19 |    44 ||    78
       Whip              |       |    68 |    94 ||   162
       Punch             |       |     1 |     4 ||     5
       Long sword        |       |       |   160 ||   160
Invok: Berserk           |       |     2 |     2 ||     4
  Use: Scroll            |       |       |    12 ||    12
Armor: Chain mail        |    53 |       |       ||    53
       Animal skin       |     2 |       |       ||     2
       Plate armour      |     4 |   105 |   198 ||   307
Dodge: Dodged            |    64 |    66 |   109 ||   239

Table legend: (Time is in decaauts)
 A = Elapsed time spent in this place.
 B = Non-inter-level travel time spent in this place.
 C = Inter-level travel time spent in this place.
 D = Time resting spent in this place.
 E = Time spent auto-exploring this place.
 F = Levels seen in this place.
 G = Mean time per level.
                   A        B        C        D        E       F      G
               +--------+--------+--------+--------+--------+-----+--------+
         Total |   7278 |   6993 |    285 |    339 |   5304 |   9 |  808.7 |
       Dungeon |   7060 |   6775 |    285 |    339 |   5128 |   8 |  882.5 |
         Sewer |    218 |    218 |      0 |      0 |    176 |   1 |  218.0 |
               +--------+--------+--------+--------+--------+-----+--------+

Top non-repeatable levels by time:
     D:6: 1492 daAuts
     D:5: 1118 daAuts
     D:1: 973 daAuts
     D:3: 967 daAuts
     D:7: 857 daAuts
     D:2: 821 daAuts
     D:4: 588 daAuts
     D:8: 241 daAuts
   Sewer: 218 daAuts
